 Dungeon Crawl Stone Soup version 0.29.1-1-gd02db6906a (webtiles) character file.

Game seed: 15698939555439697339

28 styxcanada the Sneak (level 3, 0/18 HPs)
             Began as a Spriggan Brigand on Oct 12, 2022.
             Slain by an adder (1 damage)
             ... on level 2 of the Dungeon.
             The game lasted 00:03:59 (969 turns).

styxcanada the Sneak (Spriggan Brigand)              Turns: 969, Time: 00:04:01

Health: 0/18       AC:  3    Str: 19    XL:     3   Next: 0%
Magic:  4/4        EV: 16    Int: 12    God:
Gold:   88         SH:  0    Dex: 18    Spells: 1/2 levels left

rFire   . . .      SeeInvis +   a - +2 dagger
rCold   . . .      Faith    .   (no shield)
rNeg    . . .      Spirit   .   b - +0 robe
rPois   .          Reflect  .   (helmet restricted)
rElec   .          Harm     .   c - +0 cloak
rCorr   .          Rampage  .   (gloves unavailable)
Will    .....                   (boots unavailable)
Stlth   ++++......              m - amulet of the acrobat
HPRegen 0.06/turn               h - +6 ring of strength
MPRegen 0.09/turn               i - +6 ring of strength

@: very quick
A: very small, no large weapons, unfitting armour, see invisible, speed 3
a: no special abilities


You were on level 2 of the Dungeon.
You visited 1 branch of the dungeon, and saw 2 of its levels.

You collected 88 gold pieces.

Inventory:

Hand Weapons
 a - a +2 dagger (weapon)
 k - a +0 sling
Missiles
 d - 9 poisoned darts (quivered)
 e - 3 curare-tipped darts
 f - 21 stones
Armour
 b - a +0 robe (worn)
 c - a +0 cloak (worn)
Jewellery
 h - a +6 ring of strength (left hand)
 i - a +6 ring of strength (right hand)
 m - an amulet of the acrobat (around neck)
Scrolls
 g - a scroll of immolation {unknown}
 l - a scroll of amnesia {unknown}
 o - a scroll of enchant weapon {unknown}
 p - a scroll of enchant armour {unknown}
 q - a scroll of identify {unknown}
 t - a scroll of silence {unknown}
Potions
 j - a potion of experience {unknown}
 n - a potion of haste {unknown}
 r - 2 potions of mutation {unknown}
 s - a potion of resistance {unknown}
 u - a potion of flight {unknown}


   Skills:
 * Level 1.5 Fighting
 + Level 2.3 Short Blades
 + Level 2.0 Throwing
 * Level 1.3 Dodging
 * Level 7.4 Stealth


You had one spell level left.
You knew the following spells:

 Your Spells              Type           Power      Damage    Failure   Level
a - Magic Dart            Conj           0%         1d3       32%         1

Your spell library contained the following spells:

 Spells                   Type           Power      Damage    Failure   Level
 Searing Ray              Conj           0%         2d4       45%         2
 Portal Projectile        Hex/Tloc       0%         N/A       69%         3
 Tukima's Dance           Hex            0%         N/A       69%         3
 Fulminant Prism          Conj/Hex       0%         3d6       97%         4
 Blade Hands              Tmut           0%         N/A       100%        5


Dungeon Overview and Level Annotations

Branches:
Dungeon (2/15)

Altars:


Innate Abilities, Weirdness & Mutations

You are very small and have problems with some larger weapons.
You are too small for most types of armour.
You have supernaturally acute eyesight. (SInv)
You cover ground extremely quickly. (Speed+++)


Message History

Found a scroll labelled DUARGH KUAK.
The adder hisses angrily.
You hit the adder but do no damage. The adder bites you.
You are poisoned.
The adder poisons you!
You closely miss the adder.
You feel sick. The adder bites you but does no damage.
You closely miss the adder.
You feel sick. The adder barely misses you.
You closely miss the adder.
You feel sick. The adder closely misses you.
You hit the adder.
The adder is moderately wounded.
The adder closely misses you. The adder bites you.
You closely miss the adder.
The adder is lightly wounded.
You feel sick. The adder bites you.
You are more poisoned.
The adder poisons you!
You closely miss the adder.
The adder is lightly wounded.
You feel sick. The adder misses you.
You closely miss the adder.
The adder is lightly wounded.
You feel sick. The adder barely misses you.
You hit the adder.
The adder is moderately wounded.
You feel sick. The adder bites you but does no damage.
You hit the adder.
The adder is heavily wounded.
You feel sick. The adder bites you but does no damage.
You barely miss the adder.
The adder is heavily wounded.
You feel sick. The adder barely misses you.
You closely miss the adder.
The adder is heavily wounded.
You feel sick.
You are no longer poisoned.
The adder bites you.
* * * LOW HITPOINT WARNING * * *
The adder bites you.
You die...

#.................. #
#.................^ #.
#.(........###.....
#.###..........†.......
.#............#....)....
?.............####......
..?.....!.....# #......
........?....## #......
.$.....@.....# ##.....
......S...#### ##....
..........# #####
..........# .........##
.##.....## #######


You could see an adder.

Vanquished Creatures
  4 ball pythons
  2 endoplasms (D:1)
  A hobgoblin (D:1)
  2 quokkas
  5 bats
  2 frilled lizards (D:1)
  5 goblins
  4 kobolds
  5 rats (D:1)
30 creatures vanquished.

Notes
Turn   | Place    | Note
-------+----------+-------------------------------------------
     0 | D:1      | styxcanada the Spriggan Brigand began the quest for the
                  | Orb.
     0 | D:1      | Reached XP level 1. HP: 10/10 MP: 2/2
    18 | D:1      | Reached skill level 6 in Stealth
   170 | D:1      | Reached XP level 2. HP: 11/14 MP: 3/3
   465 | D:1      | Found a faded altar of an unknown god.
   491 | D:1      | Reached skill level 7 in Stealth
   792 | D:2      | Learned a level 1 spell: Magic Dart
   928 | D:2      | Reached XP level 3. HP: 18/18 MP: 4/4
   969 | D:2      | Slain by an adder

Illustrated notes

Levels and vault maps discovered:
D:1:      reono_arrival_forest_river, layout_loops_ring,
          shapermc_ecumenical_altar_notcrosses
D:2:      layout_rooms

Skill      XL: |  1  2 |
---------------+-------+-----
Stealth        | 6 7 |  7.4
Fighting       | |  1.5
Short Blades   | |  2.3
Throwing       | |  2.0
Dodging        | |  1.3

Action                   || total
-------------------------++-------
Melee: Dagger            ||    58
       Punch             ||     1
 Stab: Sleeping          ||    18
Armor: Robe              ||     9
Dodge: Dodged            ||    26
